 Dungeon Crawl Stone Soup version 0.25-a0-200-g5ba96148f3 (webtiles) character file.

Game seed: 2726231207947287638, levelgen mode: deterministic

36325 huffalump the Cleaver (level 13, -2/100 HPs)
             Began as a Demonspawn Gladiator on Dec 1, 2019.
             Was a High Priest of Qazlal.
             Slain by a hornet (12 damage)
             ... on level 15 of the Dungeon.
             The game lasted 00:55:35 (19538 turns).

huffalump the Cleaver (Demonspawn Gladiator)       Turns: 19538, Time: 00:55:36

Health: -2/100     AC: 27    Str: 27    XL:     13   Next: 52%
Magic:  17/17      EV: 10    Int:  9    God:    Qazlal [*****.]
Gold:   464        SH:  6    Dex: 15    Spells: 12/12 levels left

rFire    + . .     SeeInvis .   a - +2 broad axe (venom)
rCold    + . .     Gourm    .   (no shield)
rNeg     . . .     Faith    .   c - +4 chain mail
rPois    .         Spirit   .   (helmet restricted)
rElec    .         Reflect  .   Y - +1 cloak
rCorr    +         Harm     .   (no gloves)
MR       .....     Clarity  +   X - +0 pair of boots
Stlth    ..........             (no amulet)
HPRegen  0.26/turn              E - +3 ring of protection
MPRegen  0.15/turn              K - +5 ring of strength

@: lethally poisoned (-2 -> -4), about to teleport, protected from cold, slowed,
repel missiles, very slow
A: antennae 1, claws 1, yellow scales 3, blink, clarity, fire resistance 1, foul
stench 1, strong 1, rot immunity
a: Blink, Upheaval, Elemental Force, Disaster Area, Renounce Religion


You were on level 15 of the Dungeon.
You worshipped Qazlal.
Qazlal was extremely pleased with you.
You were not hungry.

You visited 2 branches of the dungeon, and saw 16 of its levels.
You also visited: Sewer.

You collected 944 gold pieces.
You spent 480 gold pieces at shops.

Inventory:

Hand Weapons
 a - a +2 broad axe of venom (weapon)
 b - a +0 war axe of flaming
 M - a +0 broad axe
 S - the +12 Vampire's Tooth {vamp}
   (You found it on level 10 of the Dungeon)

   It inflicts no extra harm, but heals its wielder when it wounds a living foe.
Missiles
 d - 3 throwing nets
 i - 2 silver boomerangs (quivered)
 A - 3 curare-tipped darts
 H - 6 javelins
 Q - a poisoned dart
Armour
 c - a +4 chain mail (worn)
 l - a +0 plate armour
 X - a +0 pair of boots (worn)
 Y - a +1 cloak (worn)
Magical Staves
 J - an uncursed staff of cold
Jewellery
 s - an uncursed ring of wizardry
 E - a +3 ring of protection (left claw)
 K - a +5 ring of strength (right claw)
Wands
 r - a wand of scattershot (1)
 x - a wand of acid (10)
 C - a wand of disintegration (7)
 P - a wand of iceblast (3)
 R - a wand of digging (10)
 W - a wand of polymorph (24)
Scrolls
 k - 3 scrolls of remove curse
 o - a scroll of magic mapping
 p - 5 scrolls of blinking
 w - 8 scrolls of teleportation
 y - 4 scrolls of fear
 B - 3 scrolls of amnesia
 F - 2 scrolls of enchant armour
 N - 5 scrolls of identify
Potions
 e - 2 potions of magic
 g - 3 potions of might
 j - a potion of ambrosia
 m - 3 potions of heal wounds
 n - 2 potions of resistance
 q - a potion of mutation
 t - 8 potions of curing
 u - 2 potions of brilliance
 v - a potion of agility
 z - a potion of invisibility
 D - a potion of cancellation
 G - 3 potions of flight
 O - 2 potions of lignification
Comestibles
 f - 34 rations
 h - 6 chunks of flesh


   Skills:
 + Level 8.8 Fighting
 - Level 5.4 Short Blades
 * Level 13.3 Axes
 + Level 5.7 Throwing
 * Level 12.1 Armour
 - Level 2.6 Dodging
 - Level 0.3 Stealth
 - Level 6.1 Invocations
 + Level 0.5 Evocations


You had 12 spell levels left.
You didn't know any spells.
Your spell library contained the following spells:

 Spells                   Type           Power        Failure   Level  Hunger
 Animate Skeleton         Necr           N/A          86%         1    ##.....
 Beastly Appendage        Tmut           #.....       86%         1    ##.....
 Magic Dart               Conj           #...         86%         1    ##.....
 Pain                     Necr           #...         86%         1    ##.....
 Blink                    Tloc           N/A          94%         2    ###....
 Call Imp                 Summ           #.......     94%         2    ###....
 Slow                     Hex            #.......     94%         2    ###....
 Sticks to Snakes         Tmut           #.......     94%         2    ###....
 Conjure Flame            Conj/Fire      #.......     99%         3    ####...
 Mephitic Cloud           Conj/Pois/Air  #.......     99%         3    ####...
 Regeneration             Chrm/Necr      #.........   99%         3    ####...
 Spider Form              Tmut/Pois      #.........   99%         3    ####...
 Vampiric Draining        Necr           #.........   99%         3    ####...
 Animate Dead             Necr           N/A          100%        4    #####..
 Cause Fear               Hex            #.........   100%        4    #####..
 Ice Form                 Ice/Tmut       #.......     100%        4    #####..
 Blade Hands              Tmut           #.........   100%        5    ######.
 Silence                  Hex/Air        #.........   100%        5    ######.
 Yara's Violent Unravell  Hex/Tmut       #.........   100%        5    ######.
 Deflect Missiles         Chrm/Air       #.........   100%        6    #######
 Discord                  Hex            #.........   100%        8    #######


Dungeon Overview and Level Annotations

Branches:
Dungeon (15/15)            Temple (1/1) D:4            Lair (0/6) D:10
    Orc (0/2) D:10         Vaults (0/5) D:14          Sewer (visited)
 Depths: D:15

Altars:
Ashenzari
Cheibriados
Dithmenos
Elyvilon
Fedhas
Gozag
Hepliaklqana
Kikubaaqudgha
Makhleb
Nemelex Xobeh
Okawaru
Qazlal
Ru
Sif Muna
Trog
Uskayaw
Vehumet
Wu Jian
Xom
Yredelemnul
Zin
The Shining One

Shops:
D:4 *   D:9 [   D:11 [

Annotations:
D:3 exclusion: 2 downstairs
D:7 2 transporters
D:9 exclusion: downstairs
D:11 3 runed translucent doors, zhorgal's ghost, journeyman VSBe
D:13 exclusion: 2 downstairs
D:15 Nessos


Innate Abilities, Weirdness & Mutations

You have sharp fingernails.
You are completely covered in yellow scales. (AC +4, rCorr)
You may emit foul miasma when damaged in melee.
You are immune to rotting.
You have a pair of small antennae on your head.
You can translocate small distances at will.
You possess an exceptional clarity of mind.
Your flesh is heat resistant. (rF+)
Your muscles are strong. (Str +2)


Message History

* * * LOW HITPOINT WARNING * * *
The soul eater hits you but does no damage.
The hornet stings you.
* * * LOW HITPOINT WARNING * * *
You feel yourself slow down.
Okay, then.
As you read the scroll of teleportation, it crumbles to dust.
You feel strangely unstable.
You feel sick.
Nessos shoots an arrow.
The arrow is repelled.
The red devil hits you from afar with a +0 demon trident of freezing!
* * * LOW HITPOINT WARNING * * *
Your resistance to physical damage fades away.
You feel protected from cold. The red devil freezes you.
* * * LOW HITPOINT WARNING * * *
You block the hornet's attack. The soul eater misses you.
The deep elf mage completely misses you.
Nessos shoots an arrow.
The arrow hits you but does no damage. The hornet stings you!
You die...

.#. #..#.............#
...###..#...........#.#
......................
.........#.##.#)####.#
#c.......##.#.......
..###......#.##.#..###..
.......☼...#......).(.<(
.....☼y°..##.##.#..###..
.###.#@e.......#..# #..
# #3#J##.####..# ...
4T.....# #..# ...
[#.#.#### #..##...
......# #....... ..
..... ........
....#.#.## ##. #.#


You could see Nessos, a soul eater, a deep elf mage, a troll, a hornet, a red
devil and a jelly.

Vanquished Creatures
  Erolcha (D:11)
  5 vault guards (D:14)
  A hydra (D:13)
  4 centaur warriors
  2 two-headed ogres
  2 unseen horrors (D:14)
  3 skeletal warriors (D:14)
  Pikel (D:7)
  A deep elf mage (D:15)
  4 ugly things
  A cyclops (D:14)
  A centaur zombie (D:14)
  Joseph (D:7)
  3 orange demons (D:13)
  A gargoyle (D:12)
  3 centaur skeletons
  A redback zombie (D:12)
  2 kobold demonologists (D:14)
  A troll (D:14)
  3 red devils (D:13)
  2 tyrant leeches
  A hornet (D:12)
  2 polar bears
  A wolf spider simulacrum (D:14)
  4 hippogriffs
  A spriggan (D:9)
  2 wyverns
  3 vampires
  3 basilisks
  A water elemental (D:14)
  17 yaks
  2 humans (D:8)
  A yak (shapeshifter) (D:14)
  4 vampire mosquitoes
  3 hungry ghosts
  A harpy simulacrum (D:15)
  Edmund (D:6)
  A water moccasin (D:8)
  4 porcupines
  2 slaves (D:7)
  A black bear (D:10)
  3 orc warriors
  An eye of draining (D:14)
  12 ice beasts
  3 phantoms
  4 sky beasts
  5 wolves
  5 boggarts (D:15)
  13 centaurs
  5 ogres
  5 big kobolds
  4 crocodiles
  7 bullfrogs
  4 scorpions
  A wyvern skeleton (D:9)
  5 killer bees (D:8)
  3 wights (D:9)
  7 howler monkeys
  6 electric eels
  2 bullfrog zombies
  4 crimson imps
  7 hounds
  2 jellies
  A quasit (D:8)
  6 orc priests
  4 iguanas
  Ijyb (D:3)
  6 worker ants
  8 orc wizards
  3 centaur simulacra
  A hound zombie (D:9)
  A killer bee simulacrum (D:8)
  A worker ant zombie (D:8)
  4 gnolls
  A howler monkey zombie (D:8)
  18 adders
  2 river rats (Sewer)
  A hound simulacrum (D:8)
  6 shadow imps
  8 white imps
  An ooze (D:2)
  An adder skeleton (D:6)
  An adder zombie (D:7)
  A worm (D:3)
  An adder simulacrum (D:8)
  A leopard gecko (D:5)
  22 orcs
  3 ball pythons
  19 bats
  6 giant cockroaches
  5 goblins
  14 hobgoblins
  13 jackals
  25 kobolds
  5 quokkas
  14 frilled lizards
  A quokka skeleton (D:4)
  19 rats
  A plant (D:2)
431 creatures vanquished.

Vanquished Creatures (collateral kills)
  3 vault guards (D:14)
3 creatures vanquished.

Vanquished Creatures (others)
  2 slaves (D:7)
  An orc priest (D:7)
  A fungus (D:10)
  4 plants (D:10)
8 creatures vanquished.

Grand Total: 442 creatures vanquished

Notes
Turn   | Place    | Note
-------+----------+-------------------------------------------
     0 | D:1      | huffalump the Demonspawn Gladiator began the quest for the
                  | Orb.
     0 | D:1      | Reached XP level 1. HP: 16/16 MP: 1/1
   118 | D:1      | Gained mutation: You are partially covered in yellow
                  | scales. (AC +2) [demonic ancestry]
   118 | D:1      | Reached XP level 2. HP: 12/22 MP: 2/2
   295 | D:1      | Reached skill level 3 in Axes
   578 | D:1      | Reached skill level 1 in Armour
   876 | D:1      | Reached XP level 3. HP: 26/27 MP: 3/3
  1715 | D:2      | Reached XP level 4. HP: 25/34 MP: 4/4
  2287 | D:2      | Found a bloodstained altar of Trog.
  2651 | D:3      | Noticed Ijyb
  2667 | D:3      | Killed Ijyb
  2855 | D:3      | Gained mutation: You are immune to rotting. [demonic
                  | ancestry]
  2855 | D:3      | Reached XP level 5. HP: 39/39 MP: 5/5
  2868 | D:3      | Reached skill level 4 in Axes
  3935 | D:4      | Found Zuloss's Serpentskin Sales.
  3952 | D:4      | Reached XP level 6. HP: 24/46 MP: 6/6
  4197 | D:4      | Found a staircase to the Ecumenical Temple.
  4231 | Temple   | Entered the Ecumenical Temple
  4441 | Temple   | Became a worshipper of Qazlal Stormbringer
  4480 | D:4      | Found a glowing drain.
  4491 | Sewer    | Entered a sewer
  4531 | Sewer    | Reached skill level 5 in Axes
  5915 | D:4      | Found an ornate altar of the Wu Jian Council.
  6346 | D:4      | Bought 7 curare-tipped darts for 46 gold pieces
  6383 | D:5      | Entered Level 5 of the Dungeon
  6406 | D:5      | Gained mutation: You may emit foul miasma when damaged in
                  | melee. [demonic ancestry]
  6406 | D:5      | Reached XP level 7. HP: 26/52 MP: 7/7
  6531 | D:5      | Found a radiant altar of Vehumet.
  6692 | D:5      | Reached * piety under Qazlal
  6701 | D:5      | Found a glowing silver altar of Zin.
  6898 | D:5      | Reached skill level 6 in Axes
  7465 | D:6      | Gained mutation: You are mostly covered in yellow scales.
                  | (AC +3) [demonic ancestry]
  7465 | D:6      | Reached XP level 8. HP: 47/58 MP: 8/8
  7480 | D:6      | Reached skill level 5 in Armour
  7854 | D:6      | Noticed Edmund
  7872 | D:6      | Killed Edmund
  7872 | D:6      | Reached skill level 7 in Axes
  8088 | D:6      | Gained mutation: Your spells are a little harder to cast,
                  | but a little more powerful. [potion of mutation]
  8088 | D:6      | Gained mutation: You can translocate small distances at
                  | will. [potion of mutation]
  8088 | D:6      | Gained mutation: You expend magic power (3 MP) to
                  | strengthen your wands. [potion of mutation]
  8343 | D:7      | Noticed Pikel
  8360 | D:7      | Killed Pikel
  8360 | D:7      | Gained mutation: You are completely covered in yellow
                  | scales. (AC +4, rCorr) [demonic ancestry]
  8360 | D:7      | Reached XP level 9. HP: 25/66 MP: 9/9
  8586 | D:7      | Noticed Joseph
  8614 | D:7      | Killed Joseph
  8614 | D:7      | Reached skill level 8 in Axes
  8960 | D:7      | Reached skill level 5 in Fighting
  8967 | D:7      | Identified the +5 shortbow of Pimpuaw {velocity, rC- Str+5
                  | Dex+4}
  9594 | D:7      | Found a transporter.
  9628 | D:7      | Found a transporter.
  9640 | D:7      | You fall into a shaft and drop 1 floor!
  9649 | D:8      | Found an iron altar of Okawaru.
  9677 | D:8      | Reached skill level 9 in Axes
  9827 | D:8      | Reached ** piety under Qazlal
  9949 | D:8      | Gained mutation: You have sharp fingernails. [demonic
                  | ancestry]
  9949 | D:8      | Reached XP level 10. HP: 76/76 MP: 10/10
 10847 | D:8      | Reached skill level 10 in Axes
 11057 | D:8      | Reached *** piety under Qazlal
 11278 | D:8      | Found a shimmering blue altar of Sif Muna.
 11659 | D:9      | Noticed a two-headed ogre
 11669 | D:9      | Killed a two-headed ogre
 11669 | D:9      | Reached skill level 1 in Invocations
 11838 | D:9      | Reached XP level 11. HP: 83/83 MP: 12/12
 12000 | D:9      | Reached **** piety under Qazlal
 12076 | D:9      | Reached skill level 5 in Throwing
 12273 | D:9      | Found Cheibriados's Comfort Zone.
 12274 | D:9      | Found a snail-covered altar of Cheibriados.
 12658 | D:10     | Entered Level 10 of the Dungeon
 13293 | D:10     | Found the +12 Vampire's Tooth {vamp}
 13593 | D:10     | Reached skill level 11 in Axes
 13657 | D:10     | Found a staircase to the Orcish Mines.
 13670 | D:10     | Reached skill level 1 in Short Blades
 13821 | D:10     | Found a staircase to the Lair.
 14103 | D:11     | Reached skill level 5 in Invocations
 14146 | D:11     | Reached skill level 10 in Armour
 14157 | D:11     | Noticed Erolcha
 14168 | D:11     | Killed Erolcha
 14212 | D:11     | Reached ***** piety under Qazlal
 14337 | D:11     | Noticed a minotaur
 14360 | D:11     | Found a runed translucent gate.
 14360 | D:11     | Found a runed translucent gate.
 14361 | D:11     | Found a runed translucent gate.
 14471 | D:11     | Found Xunwom's Antique Armour Shop.
 14479 | D:11     | Bought a pair of embroidered boots for 217 gold pieces
 14484 | D:11     | Bought a glowing cloak for 217 gold pieces
 14673 | D:11     | Noticed zhorgal's ghost (journeyman VSBe)
 14910 | D:12     | Noticed a green ugly thing
 14917 | D:12     | Killed a green ugly thing
 15151 | D:12     | Reached XP level 12. HP: 77/91 MP: 16/16
 16151 | D:13     | Noticed a centaur warrior
 16167 | D:13     | Killed a centaur warrior
 16275 | D:13     | Reached skill level 5 in Short Blades
 16552 | D:13     | Found a shadowy altar of Dithmenos.
 16745 | D:13     | Lost mutation: You expend magic power (3 MP) to strengthen
                  | your wands. [potion of mutation]
 16745 | D:13     | Lost mutation: Your spells are a little harder to cast, but
                  | a little more powerful. [potion of mutation]
 16745 | D:13     | Gained mutation: You are frail. (-10% HP) [potion of
                  | mutation]
 16745 | D:13     | Gained mutation: You have sharp toenails. [potion of
                  | mutation]
 16745 | D:13     | Gained mutation: You possess an exceptional clarity of
                  | mind. [potion of mutation]
 16746 | D:13     | Lost mutation: You are frail. (-10% HP) [potion of
                  | mutation]
 16746 | D:13     | Lost mutation: You have sharp toenails. [potion of
                  | mutation]
 16746 | D:13     | Gained mutation: Your flesh is heat resistant. (rF+)
                  | [potion of mutation]
 16746 | D:13     | Gained mutation: Your muscles are strong. (Str +2) [potion
                  | of mutation]
 16746 | D:13     | Gained mutation: You have a pair of small antennae on your
                  | head. [potion of mutation]
 17064 | D:13     | Noticed a two-headed ogre
 17071 | D:13     | Killed a two-headed ogre
 17398 | D:14     | Noticed a vault guard
 17399 | D:14     | Noticed a vault guard
 17401 | D:14     | Noticed a vault guard
 17404 | D:14     | Noticed a vault guard
 17407 | D:14     | Noticed a vault guard
 17409 | D:14     | Noticed a vault guard
 17412 | D:14     | Noticed a vault guard
 17414 | D:14     | Killed a vault guard
 17416 | D:14     | Noticed a vault guard
 17423 | D:14     | Killed a vault guard
 17431 | D:14     | Killed a vault guard
 17433 | D:14     | Killed a vault guard
 17433 | D:14     | Noticed a centaur warrior
 17434 | D:14     | Killed a vault guard
 18076 | D:14     | Reached skill level 12 in Axes
 18101 | D:14     | Noticed a five-headed hydra
 18115 | D:13     | Killed a four-headed hydra
 18115 | D:13     | Reached XP level 13. HP: 74/98 MP: 6/17
 18854 | D:14     | Reached skill level 13 in Axes
 19047 | D:14     | Found a gate to the Vaults.
 19469 | D:15     | Entered Level 15 of the Dungeon
 19529 | D:15     | Noticed Nessos
 19538 | D:15     | Slain by a hornet

Levels and vault maps discovered:
D:1:      shiori_shiawase, layout_basic, minmay_pentomino_t4
D:2:      layout_rooms, serial_bayou, serial_bayou_lagoon_a,
          serial_bayou_pond_e, serial_bayou_pond_e, serial_bayou_shore_b,
          first_ration, bloody_trog
D:3:      layout_basic, minmay_box_of_dots, uniq_ijyb
D:4:      layout_loops_ring, kennysheep_little_box, temple_fountains,
          portal_sewer_entry_d, kennysheep_minor_cross, guppyfry_shop_venom
D:5:      layout_loops_cross, lemuel_doored_altar, basic_altar
D:6:      layout_loops_ring, uniq_edmund
D:7:      gammafunk_cloud_chamber, layout_loops_ring, uniq_pikel, uniq_joseph
D:8:      layout_basic, led_sif_pool, okawaru_humans, serial_ice, serial_ice_j,
          serial_ice_a, serial_ice_e, serial_ice_f, serial_ice_n, serial_ice_g
D:9:      layout_stronghold, the_bakery, roderic_batcave, minmay_shop_chei
D:10:     layout_loops_ring, minmay_lair_entry_grove,
          minmay_guarded_unrand_vampires_tooth
D:11:     layout_irregular_city, serial_shops, shop_fountains,
          maelrawn_ghost_gauntlet_escape, uniq_erolcha
D:12:     layout_grid_maze, small_statue_alley_a
D:13:     layout_basic, basic_altar, minmay_beelzebubs_servants
D:14:     layout_irregular_city, erik_vaults_2, minmay_misc_feat_cross,
          serial_ice, serial_ice_l, serial_ice_h, serial_ice_d, serial_ice_g,
          serial_ice_b, serial_ice_o
D:15:     grunt_enter_depths_giant_problem, layout_basic, minmay_crystal_water,
          serial_shops, shop, shop, uniq_louise, uniq_nessos
Temple:   eino_narrow_crystal_temple

Skill      XL: |  1  2  3  4  5  6  7  8  9 10 11 12 13 |
---------------+----------------------------------------+-----
Axes           | 3 4 5 6 7 9 10 11 12 13 | 13.3
Throwing       | 2 3 4 5 |  5.7
Armour         | 1 2 4 5 7 9 10 11 12 | 12.1
Fighting       | 3 4 5 6 7 8 |  8.8
Invocations    | 2 6 |  6.1
Short Blades   | 4 5 |  5.4
Dodging        | |  2.6
Stealth        | |  0.3
Evocations     | |  0.5

Action                   |  1- 3 |  4- 6 |  7- 9 | 10-12 | 13-15 || total
-------------------------+-------+-------+-------+-------+-------++-------
Melee: War axe           |   160 |   323 |   352 |   437 |    72 ||  1344
       Quick blade       |       |       |       |   297 |       ||   297
       Broad axe         |       |       |       |       |    92 ||    92
Throw: Throwing net      |     1 |       |       |     1 |       ||     2
       Boomerang         |     3 |     7 |    30 |    42 |     9 ||    91
       Dart              |       |    26 |    10 |    17 |     1 ||    54
       Javelin           |       |       |       |    10 |       ||    10
Invok: Elemental Force   |       |       |       |     2 |       ||     2
 Abil: Blink             |       |       |     1 |       |       ||     1
Evoke: Wand              |       |     7 |       |       |       ||     7
  Use: Scroll            |       |    14 |     4 |    12 |     2 ||    32
       Potion            |       |       |     4 |     4 |       ||     8
 Stab: Distracted        |       |       |       |       |     1 ||     1
  Eat: Chunk             |     3 |    12 |    11 |    21 |     4 ||    51
       Ration            |       |     1 |       |     3 |       ||     4
Armor: Leather armour    |     5 |       |       |       |       ||     5
       Plate armour      |   132 |   249 |   291 |   512 |    82 ||  1266
       Ring mail         |     1 |       |       |       |       ||     1
       Chain mail        |       |       |       |       |    21 ||    21
Dodge: Dodged            |    65 |    94 |   119 |   238 |    65 ||   581
       Deflected         |       |       |       |     8 |    10 ||    18
Block: Other             |       |       |    18 |   133 |    59 ||   210

Table legend:
 A = Non-vault XP
 B = Vault XP
 C = Vault XP percentage of total XP
 D = Non-vault monster count
 E = Vault monster count
 F = Vault count percentage of total count
                 A         B        C        D         E       F
            +---------+---------+-------+---------+---------+-------
      Total |   33351 |   18542 |  35.7 |     322 |     109 |  25.3
            +---------+---------+-------+---------+---------+-------
        D:1 |      55 |       4 |   6.8 |      27 |       3 |  10.0
        D:2 |      60 |       0 |   0.0 |      21 |       0 |   0.0
        D:3 |     190 |      37 |  16.3 |      26 |       2 |   7.1
        D:4 |     208 |      54 |  20.6 |      12 |       4 |  25.0
        D:5 |     627 |       0 |   0.0 |      16 |       0 |   0.0
        D:6 |     683 |     162 |  19.2 |      14 |       1 |   6.7
        D:7 |    1887 |    1130 |  37.5 |      25 |       2 |   7.4
        D:8 |    2073 |    1633 |  44.1 |      36 |      18 |  33.3
        D:9 |    3035 |    1587 |  34.3 |      34 |      17 |  33.3
       D:10 |    1087 |    2139 |  66.3 |      19 |      13 |  40.6
       D:11 |    2693 |    1048 |  28.0 |      19 |       1 |   5.0
       D:12 |    2224 |       0 |   0.0 |      17 |       0 |   0.0
       D:13 |    3908 |    2176 |  35.8 |      10 |       6 |  37.5
       D:14 |   11700 |    8513 |  42.1 |      36 |      19 |  34.5
       D:15 |    2921 |       0 |   0.0 |      10 |       0 |   0.0
      Sewer |       0 |      59 | 100.0 |       0 |      23 | 100.0
            +---------+---------+-------+---------+---------+-------
